 Dungeon Crawl Stone Soup version 0.26.1-11-gd32895ea62 (webtiles) character file.

Game seed: 8438293196690192556

798 nothank2 the Covert (level 7, -5/32 HPs)
             Began as a Spriggan Enchanter on July 8, 2021.
             Was a Believer of Nemelex Xobeh.
             Killed from afar by a white imp (9 damage)
             ... with a puff of frost
             ... on level 5 of the Dungeon.
             The game lasted 00:21:18 (5827 turns).

nothank2 the Covert (Spriggan Enchanter)            Turns: 5827, Time: 00:21:18

Health: -5/32      AC:  2    Str:  4    XL:     7   Next: 58%
Magic:  14/14      EV: 19    Int: 18    God:    Nemelex Xobeh [**....]
Gold:   283        SH:  5    Dex: 17    Spells: 8/14 levels left

rFire    . . .     SeeInvis +   l - +1 dagger (elec)
rCold    . . .     Faith    .   (shield restricted)
rNeg     . . .     Spirit   .   b - +0 robe
rPois    .         Reflect  +   (helmet restricted)
rElec    .         Harm     .   (no cloak)
rCorr    .         Rampage  .   (gloves unavailable)
Will     +....                  (boots unavailable)
Stlth    +++++.....             g - amulet of reflection
HPRegen  0.10/turn              (no ring)
MPRegen  0.14/turn              (no ring)

@: very quick
A: very small, unfitting armour, see invisible, speed 3
a: Renounce Religion, Draw Escape, Draw Destruction, Draw Summoning


You were on level 5 of the Dungeon.
You worshipped Nemelex Xobeh.
Nemelex Xobeh was pleased with you.
You visited 1 branch of the dungeon, and saw 5 of its levels.

You collected 283 gold pieces.

Inventory:

Hand Weapons
 a - a +2 dagger
 l - a +1 dagger of electrocution (weapon)
Missiles
 r - 7 boomerangs (quivered)
Armour
 b - a +0 robe (worn)
Jewellery
 g - an amulet of reflection (around neck)
Wands
 d - a wand of random effects (7)
 k - a wand of polymorph (14)
Scrolls
 c - a scroll of identify
 f - a scroll of amnesia {unknown}
 m - a scroll of random uselessness {unknown}
 p - 2 scrolls of magic mapping
 q - a scroll of blinking {unknown}
 t - a scroll of enchant armour {unknown}
Potions
 e - 3 potions of brilliance {unknown}
 h - a potion of haste
 i - a potion of mutation {unknown}
 j - 2 potions of curing {unknown}
 n - 3 potions of berserk rage {unknown}
 o - a potion of invisibility {unknown}
 s - 2 potions of ambrosia {unknown}


   Skills:
 + Level 3.6 Short Blades
 - Level 0.1 Throwing
 + Level 3.9 Dodging
 + Level 10.6 Stealth
 + Level 4.0 Spellcasting
 - Level 5.1 Hexes
 - Level 1.0 Invocations
 - Level 0.2 Evocations


You had 8 spell levels left.
You knew the following spells:

 Your Spells              Type           Power        Failure   Level
a - Corona                Hex            24%          1%          1
b - Ensorcelled Hibernat  Hex/Ice        26%          8%          2
c - Tukima's Dance        Hex            22%          5%          3

Your spell library contained the following spells:

 Spells                   Type           Power        Failure   Level
 Confusing Touch          Hex            22%          5%          3
 Dazzling Flash           Conj/Hex       24%          16%         3


Dungeon Overview and Level Annotations

Branches:
Dungeon (5/15)
 Temple: D:4-7

Altars:
Nemelex Xobeh
Ru
Vehumet
Wu Jian

Shops:
D:4 =


Innate Abilities, Weirdness & Mutations

You are very small and have problems with some larger weapons.
You are too small for most types of armour.
You have supernaturally acute eyesight. (SInv)
You cover ground extremely quickly.


Message History

The white imp gestures at you. The puff of frost misses you.
You completely miss the white imp.
The white imp is moderately wounded.
You barely miss the white imp.
The white imp is moderately wounded.
The white imp closely misses you.
You completely miss the white imp.
The white imp is moderately wounded.
The white imp gestures at you. The puff of frost hits you!
You completely miss the white imp.
The white imp is moderately wounded.
The white imp gestures at you. The puff of frost hits you!
* * * LOW HITPOINT WARNING * * *
The white imp gestures at you. The puff of frost hits you!
You die...
Your body glows slightly and disappears.

... ... .. .. ........# # #.
.......###
#.##.####+#......#.#
+....#....+......+.# ...
#...5'....#<.....#.#
.....#....#.@..#......#.###
.....###+###...#......#...###
#........##...#..<...#......
#........#....+......'......
#........#....#......#....##
#........'....#......#....##
#........#....#......+....##
#........##+###......#......
######..........(....#......


You could see a white imp (corona).

Vanquished Creatures
  Sigmund (D:3)
  An ogre (D:4)
  A hound (D:4)
  2 orc priests (D:4)
  An iguana (D:4)
  A bullfrog skeleton (D:5)
  5 orc wizards
  A worker ant (D:4)
  Robin (D:3)
  7 gnolls
  5 adders
  An ufetubus (D:4)
  An ooze (D:2)
  An adder skeleton (D:4)
  A dart slug (D:1)
  3 leopard geckos
  21 orcs
  3 ball pythons
  9 giant cockroaches
  12 hobgoblins
  9 jackals
  2 quokkas
  7 bats
  8 frilled lizards
  11 goblins
  4 kobolds
  A leopard gecko skeleton (D:4)
  A quokka skeleton (D:4)
  9 rats
130 creatures vanquished.

Vanquished Creatures (others)
  A dancing weapon (D:4)
1 creature vanquished.

Grand Total: 131 creatures vanquished

Notes
Turn   | Place    | Note
-------+----------+-------------------------------------------
     0 | D:1      | nothank2 the Spriggan Enchanter began the quest for the
                  | Orb.
     0 | D:1      | Reached XP level 1. HP: 9/9 MP: 5/5
   397 | D:1      | Reached XP level 2. HP: 13/13 MP: 6/6
   400 | D:1      | Learned a level 2 spell: Ensorcelled Hibernation
  1033 | D:2      | Found a sparkling altar of Nemelex Xobeh.
  1041 | D:2      | Became a worshipper of Nemelex Xobeh the Trickster
  1121 | D:2      | Reached skill level 5 in Hexes
  1121 | D:2      | Reached XP level 3. HP: 16/16 MP: 5/8
  1380 | D:2      | Reached skill level 5 in Stealth
  1473 | D:2      | Reached XP level 4. HP: 13/21 MP: 4/9
  1680 | D:2      | Reached skill level 1 in Invocations
  1956 | D:2      | Found a radiant altar of Vehumet.
  2029 | D:2      | Found a sacrificial altar of Ru.
  2279 | D:3      | Learned a level 3 spell: Tukima's Dance
  2530 | D:3      | Reached skill level 6 in Stealth
  2557 | D:3      | Noticed Sigmund
  2561 | D:3      | Noticed Robin
  2858 | D:3      | Reached XP level 5. HP: 24/24 MP: 7/10
  2983 | D:3      | Found an ornate altar of the Wu Jian Council.
  3361 | D:3      | Killed Sigmund
  3362 | D:3      | Reached skill level 8 in Stealth
  3362 | D:3      | Reached XP level 6. HP: 28/28 MP: 6/11
  3700 | D:3      | Killed Robin
  4178 | D:4      | Reached skill level 9 in Stealth
  4290 | D:4      | Reached XP level 7. HP: 24/32 MP: 4/12
  4561 | D:4      | Reached * piety under Nemelex Xobeh
  4698 | D:4      | Reached skill level 10 in Stealth
  5261 | D:4      | Found Qauschec's Jewellery Emporium.
  5332 | D:4      | Received a gift from Nemelex Xobeh
  5661 | D:5      | Entered Level 5 of the Dungeon
  5679 | D:5      | Reached ** piety under Nemelex Xobeh
  5827 | D:5      | Killed from afar by a white imp

Illustrated notes

Levels and vault maps discovered:
D:1:      dpeg_arrival_windows_large_door, layout_basic, serial_glass,
          glass_columns_a, glass_columns_a, minmay_misc_feat_pillars
D:2:      layout_loops_ring, overflow_temple_1_default,
          nicolae_overflow_hidden_temple, nemelex_diamond_rough_becter
D:3:      layout_loops_ring, overflow_temple_1_default, uniq_sigmund, uniq_robin
D:4:      layout_gridville, serial_shops, shop_coins
D:5:      minmay_chambers_of_fours, layout_gridville

Skill      XL: |  1  2  3  4  5  6  7 |
---------------+----------------------+-----
Hexes          | 4 5 |  5.1
Stealth        | 5 6 8 9 10 | 10.6
Invocations    | 1 |  1.0
Short Blades   | 2 3 |  3.6
Spellcasting   | 4 |  4.0
Throwing       | |  0.1
Dodging        | |  3.9
Evocations     | |  0.2

Action                   |  1- 3 |  4- 6 |  7- 9 || total
-------------------------+-------+-------+-------++-------
Melee: Dagger            |    63 |   130 |    66 ||   259
Throw: Boomerang         |       |       |     3 ||     3
 Cast: Corona            |     3 |     2 |     3 ||     8
       Ensorcelled Hiber |    10 |    57 |    33 ||   100
       Tukima's Dance    |       |       |     1 ||     1
Invok: Draw Destruction  |       |       |     2 ||     2
Evoke: Wand              |       |     6 |     1 ||     7
  Use: Scroll            |       |     5 |       ||     5
 Stab: Sleeping          |    16 |    47 |    24 ||    87
       Paralysed         |       |     1 |       ||     1
Armor: Robe              |     4 |     7 |     7 ||    18
Dodge: Dodged            |    40 |    85 |    68 ||   193
Block: Other             |     2 |    22 |    19 ||    43
       Reflection        |       |       |     2 ||     2
